 Dungeon Crawl Stone Soup version 0.22-a0-512-g0943f25562 (webtiles) character file.

91653 mass2k the Tortoise (level 15, -17/143 HPs)
             Began as a Minotaur Berserker on June 18, 2018.
             Was an Elder of Trog.
             Demolished by an azure jelly (31 damage)
             ... on level 5 of the Lair of Beasts.
             The game lasted 01:31:38 (27665 turns).

mass2k the Tortoise (Minotaur Berserker)           Turns: 27665, Time: 01:31:38

Health: -17/143    AC: 23    Str: 27    XL:     15   Next: 55%
Magic:  4/7        EV: 13    Int:  4    God:    Trog [****..]
Gold:   1231       SH:  8    Dex: 11    Spells: 14/14 levels left

rFire    . . .     SeeInvis .   y - +5 eveningstar (antimagic)
rCold    . . .     Gourm    .   b - +2 buckler
rNeg     . . .     Faith    .   j - +2 chain mail {MR+}
rPois    .         Spirit   .   (helmet restricted)
rElec    .         Reflect  .   V - +2 cloak {MR+}
rCorr    +         Harm     .   E - +0 pair of gloves
MR       ++++.                  Y - +0 pair of boots
Stlth    ..........             s - amulet of regeneration
HPRegen  0.73/turn              u - ring of resist corrosion
MPRegen  0.10/turn              r - ring of protection from magic

@: no status effects
A: retaliatory headbutt, horns 2
a: Berserk, Trog's Hand, Brothers in Arms, Renounce Religion


You were on level 5 of the Lair of Beasts.
You worshipped Trog.
Trog was greatly pleased with you.
You were not hungry.

You visited 5 branches of the dungeon, and saw 25 of its levels.

You collected 2296 gold pieces.
You spent 1065 gold pieces at shops.

Inventory:

Hand Weapons
 e - a +5 dire flail of protection
 f - the +9 flail of Fate {crush, rF- rC+++ Dex+4}
   (You bought it in a shop on level 2 of the Orcish Mines)

   It inflicts extra damage upon your enemies.
   It affects your dexterity (+4).
   It makes you vulnerable to fire.
   It renders you almost immune to cold.
 y - a +5 antimagic eveningstar (weapon)
 B - a +2 antimagic great mace
Missiles
 k - 775 stones (quivered)
Armour
 b - a +2 buckler (worn)
 j - a +2 chain mail of magic resistance (worn)
 E - a +0 pair of gloves (worn)
 V - a +2 cloak of magic resistance (worn)
 X - a +0 large shield
 Y - a +0 pair of boots (worn)
Jewellery
 r - a ring of protection from magic (right hand)
 s - an amulet of regeneration (around neck)
 u - a ring of resist corrosion (left hand)
 A - a +3 ring of protection
 U - an uncursed amulet of faith
Wands
 o - a wand of digging (22)
 p - a wand of iceblast (21)
 v - a wand of flame (23)
 J - a wand of paralysis (44)
 P - a wand of enslavement (15)
 T - a wand of disintegration (18)
Scrolls
 d - 6 scrolls of identify
 i - 7 scrolls of remove curse
 l - 12 scrolls of teleportation
 m - 2 scrolls of magic mapping
 t - 2 scrolls of enchant armour
 C - 4 scrolls of fog
 I - 6 scrolls of fear
 Q - a scroll of blinking
Potions
 g - 14 potions of curing
 h - a potion of resistance
 n - 5 potions of brilliance
 q - 3 potions of heal wounds
 w - 4 potions of flight
 x - a potion of haste
 z - 3 potions of agility
 D - 2 potions of might
 F - a potion of ambrosia
 G - a potion of mutation
Miscellaneous
 a - a fan of gales
 H - a sack of spiders
 K - a phantom mirror
Comestibles
 c - 38 rations


   Skills:
 + Level 15.7 Fighting
 - Level 16.0 Maces & Flails
 + Level 16.8 Armour
 - Level 8.3 Dodging
 + Level 8.5 Shields
 - Level 10.0 Evocations


You had 14 spell levels left.
You didn't know any spells.
Your spell library contained the following spells:

 Spells                   Type           Power        Failure   Level  Hunger
 Animate Dead             Necr           N/A          100%        4    #####..
 Pain                     Necr           #...         88%         1    ##.....
 Animate Skeleton         Necr           N/A          88%         1    ##.....
 Vampiric Draining        Necr           #.........   99%         3    ####...
 Regeneration             Chrm/Necr      #.........   99%         3    ####...
 Stone Arrow              Conj/Erth      #.....       99%         3    ####...
 Spider Form              Tmut/Pois      #.........   99%         3    ####...
 Blade Hands              Tmut           #.........   100%        5    ######.
 Ice Form                 Ice/Tmut       #.......     100%        4    #####..
 Passwall                 Tmut/Erth      #.......     96%         2    ###....
 Sticks to Snakes         Tmut           #.......     96%         2    ###....
 Lee's Rapid Deconstruct  Erth           #.........   100%        5    ######.
 Sandblast                Erth           #.....       88%         1    ##.....
 Petrify                  Tmut/Erth      #.......     100%        4    #####..
 Beastly Appendage        Tmut           #.....       88%         1    ##.....


Dungeon Overview and Level Annotations

Branches:
Dungeon (15/15)            Temple (0/1) D:4            Lair (6/6) D:10
  Swamp (0/4) Lair:3        Snake (0/4) Lair:3        Slime (1/5) Lair:5
    Orc (2/2) D:12            Elf (1/3) Orc:2        Vaults (0/5) D:14
 Depths (0/5) D:15

Altars:
Cheibriados
Fedhas
Qazlal
Uskayaw
Xom
Yredelemnul
Beogh
Jiyva

Shops:
D:8 ?   D:9 !   D:11 [   D:13 *   Orc:2 [[(%

Annotations:
Lair:4 exclusion: oklob plant
Orc:2 2 transporters, Adaequkiuc's ghost, journeyman MiFi


Innate Abilities, Weirdness & Mutations

You reflexively headbutt those who attack you in melee.
You have a pair of horns on your head.


Message History

The azure jelly hits you but does no damage.
The azure jelly closely misses you.
You climb upwards.
Welcome back to the Lair of Beasts!
There is a staircase to the Slime Pits here.
The slime creature hits you.
The large slime creature hits you but does no damage.
The slime creature barely misses you. The azure jelly misses you.
The azure jelly barely misses you. x2
The azure jelly hits you but does no damage.
Two slime creatures merge to form a titanic slime creature.
There is a viscous altar of Jiyva here.
Two slime creatures merge to form a very large slime creature.
The azure jelly hits you! The azure jelly freezes you!!
* * * LOW HITPOINT WARNING * * *
The azure jelly closely misses you. You block the azure jelly's attack.
The azure jelly hits you but does no damage.
The azure jelly hits you.
* * * LOW HITPOINT WARNING * * *
The azure jelly freezes you!!
You die...

#### ### ### ###..#########
#####.##
###P###P...#.P.P.#.###..#.#.P ###
#P...##P..J.@................
..###.........JJ#................
..............J.P................
.................................
.......<........#......b.........
................#....P...........
.........................<.......
.................................
...........>......##+#+..........


You could see an azure jelly, a titanic slime creature, a very large slime
creature and a slime creature.

Vanquished Creatures
  Saint Roka (Orc:2)
  Frances (D:12)
  Kirke (Lair:6)
  A stone giant (Orc:1)
  A very ugly thing (D:14)
  Azrael (Orc:2)
  A great orb of eyes (D:15)
  6 hydras
  An ice dragon (Lair:1)
  2 vault guards (D:14)
  3 catoblepae (Lair:6)
  Erolcha (D:12)
  3 death knights
  7 centaur warriors
  4 two-headed ogres
  Erica (D:10)
  5 death yaks (Lair:6)
  A tengu warrior (D:14)
  Nergalle (Lair:1)
  A deep elf knight (Elf:1)
  4 skeletal warriors
  A deep troll (D:10)
  2 unseen horrors
  2 wizards (D:14)
  A deep elf archer (Elf:1)
  The ghost of Lesuer the Cleaver, a novice MiFi (D:6)
  The ghost of Qotifuott the Cleaver, a novice MiFi (D:6)
  3 necromancers (D:14)
  3 manticores
  An ugly thing (D:13)
  5 deep elf magi
  14 elephants
  A cyclops (D:14)
  2 spiny frogs (shapeshifter) (D:15)
  2 black mambas
  9 spiny frogs
  A kobold demonologist (D:15)
  A rime drake (Lair:2)
  An efreet (D:14)
  3 freezing wraiths (D:15)
  A harpy zombie (D:15)
  3 komodo dragons
  14 trolls
  2 polar bears
  Prince Ribbit (D:8)
  11 blink frogs
  A wolf spider simulacrum (D:14)
  10 hippogriffs
  A wraith (D:12)
  A spriggan (D:7)
  A shadow (D:15)
  37 yaks
  A water elemental (D:11)
  4 wyverns
  4 basilisks
  2 fire elementals (Orc:2)
  18 humans (D:14)
  A hungry ghost (D:9)
  7 vampire mosquitoes (D:15)
  A warg (Orc:2)
  3 nagas (Lair:3)
  A soldier ant (D:15)
  10 water moccasins
  An acid dragon (D:15)
  11 porcupines
  4 hell hounds (Orc:2)
  2 sky beasts
  2 ice beasts
  A meliai simulacrum (D:15)
  39 orc warriors
  6 ogres
  2 phantoms
  2 black bears
  7 wolves (Lair:1)
  19 centaurs
  9 crocodiles
  5 big kobolds
  Blork the orc (D:6)
  14 bullfrogs
  A wyvern skeleton (D:15)
  4 scorpions
  A water moccasin skeleton (D:11)
  11 killer bees
  19 wights
  3 electric eels
  6 howler monkeys
  A bullfrog zombie (D:12)
  2 centaur zombies
  5 crimson imps
  3 hounds
  2 quasits
  17 orc priests
  5 jellies
  2 bullfrog skeletons
  5 centaur skeletons
  2 iguanas
  12 worker ants
  30 orc wizards
  A killer bee zombie (D:8)
  3 hound skeletons
  A howler monkey zombie (D:10)
  17 gnolls
  21 adders
  3 shadow imps
  2 oozes
  4 worms
  4 dart slugs
  7 leopard geckos
  94 orcs
  2 ball pythons (D:3)
  5 giant cockroaches
  11 goblins
  12 hobgoblins
  2 jackals
  46 kobolds
  3 quokkas
  13 bats
  4 frilled lizards
  11 rats
758 creatures vanquished.

Vanquished Creatures (collateral kills)
  2 orc warriors (Orc:2)
  An ogre (Orc:2)
  An orc wizard (Orc:2)
  An orc priest (Orc:2)
  An orc (Orc:2)
6 creatures vanquished.

Vanquished Creatures (others)
  2 humans (Lair:6)
  A vampire mosquito (D:14)
  7 fungi
  10 plants
20 creatures vanquished.

Grand Total: 784 creatures vanquished

Notes
Turn   | Place    | Note
-------+----------+-------------------------------------------
     0 | D:1      | mass2k the Minotaur Berserker began the quest for the Orb.
     0 | D:1      | Reached XP level 1. HP: 19/19 MP: 0/0
   469 | D:1      | Reached XP level 2. HP: 8/27 MP: 1/1
  1133 | D:1      | Reached XP level 3. HP: 29/33 MP: 2/2
  1644 | D:2      | Reached ** piety under Trog
  1809 | D:2      | Found a stormy altar of Qazlal.
  2393 | D:3      | Reached XP level 4. HP: 40/40 MP: 3/3
  2402 | D:3      | Found a blossoming altar of Fedhas.
  2502 | D:3      | Found a snail-covered altar of Cheibriados.
  2579 | D:3      | Reached skill level 5 in Maces & Flails
  2722 | D:3      | Reached XP level 5. HP: 41/47 MP: 4/4
  2732 | D:3      | Reached *** piety under Trog
  2916 | D:3      | HP: 1/47 [gnoll/spear (5)]
  3577 | D:4      | Noticed a phantom
  3601 | D:4      | Killed a phantom
  3601 | D:4      | Reached skill level 5 in Fighting
  3601 | D:4      | Reached XP level 6. HP: 37/56 MP: 5/5
  3724 | D:4      | Found a staircase to the Ecumenical Temple.
  4206 | D:4      | Reached **** piety under Trog
  4473 | D:4      | Reached skill level 5 in Armour
  4473 | D:4      | Reached XP level 7. HP: 60/62 MP: 6/6
  5050 | D:5      | Entered Level 5 of the Dungeon
  5165 | D:5      | Noticed a two-headed ogre
  5177 | D:5      | Killed a two-headed ogre
  5177 | D:5      | Reached XP level 8. HP: 11/73 MP: 7/7
  5606 | D:5      | Found a basalt altar of Yredelemnul.
  5886 | D:5      | Found a hide-covered altar of Uskayaw.
  6645 | D:6      | Reached skill level 10 in Maces & Flails
  6730 | D:6      | Noticed Blork the orc
  6758 | D:6      | Killed Blork the orc
  7027 | D:6      | Reached XP level 9. HP: 36/81 MP: 8/8
  7320 | D:6      | Found a runed gate.
  7320 | D:6      | Found a runed gate.
  7320 | D:6      | Found a runed gate.
  7321 | D:6      | Noticed Qotifuott's ghost (novice MiFi)
  7322 | D:6      | Noticed Lesuer's ghost (novice MiFi)
  7344 | D:6      | Killed Lesuer's ghost
  7347 | D:6      | Killed Qotifuott's ghost
  7347 | D:6      | Reached ***** piety under Trog
  9125 | D:7      | Reached XP level 10. HP: 90/90 MP: 9/9
  9385 | D:8      | Found Qupoak's Magic Scroll Emporium.
  9419 | D:8      | Bought 2 scrolls of teleportation for 84 gold pieces
  9419 | D:8      | Bought a scroll of enchant weapon for 105 gold pieces
  9419 | D:8      | Bought a scroll of brand weapon for 280 gold pieces
  9512 | D:8      | Noticed Prince Ribbit
  9513 | D:8      | Found a shimmering altar of Xom.
  9513 | D:8      | Noticed a two-headed ogre
  9520 | D:8      | Killed a two-headed ogre
  9531 | D:8      | Killed Prince Ribbit
  9700 | D:8      | Reached skill level 10 in Armour
  9888 | D:8      | Found a shimmering altar of Xom.
 10561 | D:9      | Reached skill level 1 in Evocations
 10679 | D:9      | Received a gift from Trog
 11042 | D:9      | Found Uritz's Distillery.
 11050 | D:9      | Bought a potion of curing for 45 gold pieces
 11050 | D:9      | Bought a potion of degeneration for 15 gold pieces
 11189 | D:10     | Entered Level 10 of the Dungeon
 11292 | D:10     | Noticed a centaur warrior
 11296 | D:10     | Killed a centaur warrior
 11296 | D:10     | Reached XP level 11. HP: 95/95 MP: 12/12
 11785 | D:10     | Found a staircase to the Lair.
 11807 | D:10     | Noticed Erica
 11817 | D:10     | Killed Erica
 12203 | Lair:1   | Entered Level 1 of the Lair of Beasts
 12256 | Lair:1   | Noticed an eight-headed hydra
 12264 | Lair:1   | Killed an eight-headed hydra
 12359 | Lair:1   | Reached skill level 10 in Fighting
 12407 | Lair:1   | Reached skill level 5 in Evocations
 12470 | Lair:1   | Noticed Nergalle
 12476 | Lair:1   | Killed Nergalle
 13205 | Lair:1   | Noticed an ice dragon
 13240 | Lair:1   | Killed an ice dragon
 13536 | Lair:2   | Reached skill level 5 in Dodging
 13839 | Lair:2   | Received a gift from Trog
 14083 | Lair:2   | Reached XP level 12. HP: 108/108 MP: 15/15
 14346 | Lair:3   | Found a staircase to the Snake Pit.
 14655 | Lair:3   | Found a staircase to the Swamp.
 15195 | Lair:4   | Noticed an eight-headed hydra
 15218 | Lair:4   | Killed an eight-headed hydra
 15298 | Lair:4   | Noticed an eight-headed hydra
 15309 | Lair:4   | Killed an eight-headed hydra
 16085 | Lair:5   | Found a staircase to the Slime Pits.
 16085 | Lair:5   | Found a viscous altar of Jiyva.
 16145 | Lair:5   | Noticed a seven-headed hydra
 16149 | Lair:5   | Killed a seven-headed hydra
 16151 | Lair:5   | Reached XP level 13. HP: 118/118 MP: 17/17
 17050 | Lair:6   | Entered Level 6 of the Lair of Beasts
 17627 | Lair:6   | Reached ****** piety under Trog
 18606 | Lair:6   | Got a smoking dagger
 18607 | Lair:6   | Identified the cursed +1 dagger "Hogipuu" {pierce, Str+3} (You found it on level 6 of the Lair of Beasts)
 18696 | Lair:6   | Noticed Kirke
 18713 | Lair:6   | Killed Kirke
 19233 | D:11     | Received a gift from Trog
 19506 | D:11     | Found Soiliph's Armour Boutique.
 19689 | D:11     | Reached skill level 15 in Maces & Flails
 19821 | D:11     | Reached XP level 14. HP: 123/129 MP: 19/19
 19886 | D:11     | Reached skill level 15 in Armour
 20299 | D:12     | Noticed Erolcha
 20513 | D:12     | Noticed Frances
 20518 | D:12     | Killed Erolcha
 20531 | D:12     | Killed Frances
 20994 | D:12     | Found a staircase to the Orcish Mines.
 21338 | Orc:1    | Entered Level 1 of the Orcish Mines
 21459 | Orc:1    | Received a gift from Trog
 21592 | Orc:1    | Noticed a stone giant
 21607 | Orc:1    | Killed a stone giant
 21607 | Orc:1    | Reached skill level 1 in Shields
 21761 | Orc:1    | Found a dark tunnel.
 21814 | Orc:2    | Entered Level 2 of the Orcish Mines
 21814 | Orc:2    | Found a staircase to the Elven Halls.
 21877 | Orc:2    | Found a transporter.
 21887 | Orc:2    | Noticed Adaequkiuc's ghost (journeyman MiFi)
 21992 | Orc:2    | Noticed Saint Roka
 22054 | Orc:2    | Killed Saint Roka
 22420 | Orc:2    | Found Xoxis's Antique Armour Emporium.
 22421 | Orc:2    | Found a roughly hewn altar of Beogh.
 22422 | Orc:2    | Found Caicloyb's Antique Weapon Shoppe.
 22475 | Orc:2    | Noticed Azrael
 22496 | Orc:2    | Killed Azrael
 22978 | Orc:2    | Found a roughly hewn altar of Beogh.
 22979 | Orc:2    | Found Laemu's Antique Armour Shop.
 23000 | Orc:2    | Received a gift from Trog
 23086 | Orc:2    | Found a roughly hewn altar of Beogh.
 23155 | Orc:2    | Found a transporter.
 23251 | Orc:2    | Found a roughly hewn altar of Beogh.
 23366 | Orc:2    | Found a roughly hewn altar of Beogh.
 23386 | Orc:2    | Found Ditwo's Food Emporium.
 23452 | Orc:2    | Found a roughly hewn altar of Beogh.
 23457 | Orc:2    | Reached skill level 10 in Evocations
 23701 | Orc:2    | Bought an iridescent flail for 272 gold pieces
 23701 | Orc:2    | Identified the +9 flail of Fate {crush, rF- rC+++ Dex+4} (You bought it in a shop on level 2 of the Orcish Mines)
 23777 | D:11     | Bought a +2 buckler for 264 gold pieces
 23853 | D:13     | Found Nufulaz's Assorted Antiques.
 24368 | D:13     | Received a gift from Trog
 24553 | D:13     | Reached skill level 5 in Shields
 25000 | D:14     | Noticed a purple very ugly thing
 25005 | D:14     | Killed a purple very ugly thing
 25076 | D:14     | Reached XP level 15. HP: 115/139 MP: 7/21
 25278 | D:14     | Reached skill level 15 in Fighting
 25281 | D:14     | Received a gift from Trog
 25323 | D:14     | Found a gate to the Vaults.
 26182 | D:15     | Entered Level 15 of the Dungeon
 26546 | D:15     | Received a gift from Trog
 26772 | D:15     | Found a staircase to the Depths.
 27318 | Elf:1    | Entered Level 1 of the Elven Halls
 27349 | Elf:1    | Noticed a Hell Sentinel
 27351 | Elf:1    | Noticed a Tzitzimitl
 27654 | Slime:1  | Entered Level 1 of the Pits of Slime
 27654 | Slime:1  | Noticed an azure jelly
 27665 | Lair:5   | Demolished by an azure jelly

Vault maps used:
D:1:      elethiomel_arrival_quiet
D:2:      minmay_diamond_boxcup, grunt_qazlal_clouds
D:3:      corexii_shack_village, lemuel_round_altar, fedhas_altar_fruit_tree,
          cheibrodos_sewer_entry_bend, minmay_vboxes
D:4:      kennysheep_kobold_camp, minmay_temple_entry_junction, first_ration,
          serial_bayou_pond_b
D:5:      nicolae_overflow_hidden_temple
D:6:      gammafunk_ghost_cemetery, uniq_blork_the_orc
D:7:      the_bakery, minmay_misc_feat_chi, lightli_minifort
D:8:      basic_altar, serial_shops, shop_fountains, tgw_xom,
          uniq_prince_ribbit1
D:9:      serial_shops, shop, item_on_display_a
D:10:     lair_entry_dummy, uniq_erica
D:11:     lemuel_troll_bridge, serial_shops, shop
D:12:     orc_0_dummy, uniq_frances, uniq_erolcha
D:13:     serial_shops, nicolae_shop_overgrown_old_shop
D:14:     cheibrodos_ideogram_h, grunt_vaults_entry_tiered,
          portal_ice_cave_entry_pillars_2, kennysheep_generic_room_14
D:15:     hangedman_depths_entry_try_elsewhere_first, fountainhead
Lair:1:   dragon1_lemuel, grunt_megastairs_5, uniq_nergalle
Lair:2:   serial_bayou_pond_e, serial_bayou_shore_a
Lair:3:   swamp_mist_pool, minmay_snake_entry_guardpost_small
Lair:4:   minmay_lair_oklob_chamber, grunt_megastairs_4, lemuel_fruit_fields
Lair:5:   slime_altar_1, lemuel_fruit_fields, grunt_megastairs_1
Lair:6:   evilmike_catoblepas_cave, minivault_24, minivault_27, minivault_26,
          uniq_kirke, uniq_nessos
Orc:1:    enter_volcano_4
Orc:2:    grunt_orc_community_town_hall, grunt_orc_community_big_house_2,
          grunt_orc_community_big_house_1, grunt_orc_community_house_1,
          grunt_orc_community_house_1, grunt_orc_community_house_1,
          grunt_orc_community_house_3, grunt_orc_community_house_2,
          gammafunk_ghost_arena, lemuel_statue_altar, uniq_saint_roka,
          uniq_azrael
Elf:1:    gammafunk_ghost_arena, minmay_elf_crystal_hexagon

Skill      XL: |  1  2  3  4  5  6  7  8  9 10 11 12 13 14 15 |
---------------+----------------------------------------------+-----
Maces & Flails | 4 5 6 7 9 10 12 14 15 16 | 16.0
Fighting       | 4 5 7 8 10 12 13 14 15 | 15.7
Armour         | 3 4 5 6 7 9 11 12 13 14 16 | 16.8
Evocations     | 3 5 7 9 10 | 10.0
Dodging        | 5 8 |  8.3
Shields        | 5 8 |  8.5

Action                   |  1- 3 |  4- 6 |  7- 9 | 10-12 | 13-15 || total
-------------------------+-------+-------+-------+-------+-------++-------
Melee: Mace              |   117 |    72 |       |       |       ||   189
       Headbutt          |    17 |    32 |    52 |   118 |   287 ||   506
       Flail             |       |   114 |    50 |       |   218 ||   382
       Dire flail        |       |       |   193 |   582 |   671 ||  1446
       Eveningstar       |       |       |       |       |   249 ||   249
Invok: Berserk           |       |     1 |     7 |    11 |    12 ||    31
       Brothers in Arms  |       |       |       |       |     2 ||     2
       Trog's Hand       |       |       |       |       |     1 ||     1
Evoke: Wand              |       |       |       |       |     4 ||     4
  Use: Scroll            |       |       |       |    21 |    12 ||    33
       Potion            |       |       |       |       |     3 ||     3
  Eat: Chunk             |     5 |     5 |    11 |    32 |    48 ||   101
       Ration            |       |     1 |     3 |       |     1 ||     5
Armor: Animal skin       |     3 |       |       |       |       ||     3
       Ring mail         |    51 |    48 |       |       |       ||    99
       Scale mail        |       |    25 |    32 |       |       ||    57
       Plate armour      |       |       |    27 |   276 |   331 ||   634
       Chain mail        |       |       |       |       |   186 ||   186
Dodge: Dodged            |    79 |   119 |    88 |   199 |   510 ||   995
Block: Buckler           |       |       |       |       |   143 ||   143

Table legend:
 A = Spawn XP
 B = Non-spawn XP
 C = Spawn XP percentage of total XP
 D = Spawn monster count
 E = Non-spawn monster count
 F = Spawn count percentage of total count
 G = Total turns spent on level
                    A         B        C        D         E        F      G
               +---------+---------+-------+---------+---------+-------+---------
         Total |       0 |  130934 |   0.0 |       0 |     764 |   0.0 | 27665
               +---------+---------+-------+---------+---------+-------+---------
           D:1 |       0 |      52 |   0.0 |       0 |      26 |   0.0 |  1598
           D:2 |       0 |      42 |   0.0 |       0 |      21 |   0.0 |   781
           D:3 |       0 |     217 |   0.0 |       0 |      53 |   0.0 |  1190
           D:4 |       0 |     572 |   0.0 |       0 |      37 |   0.0 |  1481
           D:5 |       0 |    1286 |   0.0 |       0 |      13 |   0.0 |  1488
           D:6 |       0 |    1936 |   0.0 |       0 |      20 |   0.0 |  1004
           D:7 |       0 |    1553 |   0.0 |       0 |      47 |   0.0 |  1784
           D:8 |       0 |    2853 |   0.0 |       0 |      26 |   0.0 |  1142
           D:9 |       0 |    1523 |   0.0 |       0 |      21 |   0.0 |   721
          D:10 |       0 |    5182 |   0.0 |       0 |      44 |   0.0 |  1207
          D:11 |       0 |    5505 |   0.0 |       0 |      45 |   0.0 |  1177
          D:12 |       0 |    5470 |   0.0 |       0 |      19 |   0.0 |  1018
          D:13 |       0 |    9775 |   0.0 |       0 |      39 |   0.0 |  1053
          D:14 |       0 |   22080 |   0.0 |       0 |      68 |   0.0 |  1356
          D:15 |       0 |   10590 |   0.0 |       0 |      35 |   0.0 |  1071
        Lair:1 |       0 |    5679 |   0.0 |       0 |      22 |   0.0 |  1292
        Lair:2 |       0 |    2442 |   0.0 |       0 |      10 |   0.0 |   739
        Lair:3 |       0 |    6073 |   0.0 |       0 |      21 |   0.0 |   898
        Lair:4 |       0 |    8035 |   0.0 |       0 |      30 |   0.0 |  1067
        Lair:5 |       0 |    5409 |   0.0 |       0 |      16 |   0.0 |  1119
        Lair:6 |       0 |   17758 |   0.0 |       0 |      39 |   0.0 |  1874
         Orc:1 |       0 |    1860 |   0.0 |       0 |      16 |   0.0 |   491
         Orc:2 |       0 |   12860 |   0.0 |       0 |      92 |   0.0 |  2069
         Elf:1 |       0 |    2182 |   0.0 |       0 |       4 |   0.0 |    37
               +---------+---------+-------+---------+---------+-------+---------
